 Dungeon Sprint DCSS version 0.29.1-15-g9cfb28693d (webtiles) character file.

Game seed: 10520317629698967025

2455 boopmooplesden the Impaler (level 9, -3/97 HPs)
             Began as a Minotaur Berserker on Mar 12, 2023.
             Was a High Priest of Trog.
             Slain by a salamander (shapeshifter) (11 damage)
             ... in the Dungeon (Sprint IX: "|||||||||||||||||||||||||||||").
             The game lasted 00:01:10 (761 turns).

boopmooplesden the Impaler (Minotaur Berserker)      Turns: 761, Time: 00:01:11

Health: -3/97      AC: 10    Str: 29    XL:     9   Next: 26%
Magic:  8/8        EV: 15    Int:  4    God:    Trog [*****.]
Gold:   0          SH:  0    Dex: 10    Spells: 8/8 levels left

rFire   . . .      SeeInvis .   a - +2 halberd (venom)
rCold   . . .      Faith    .   (shield currently unavailable)
rNeg    . . .      Spirit   .   l - +1 scale mail
rPois   .          Reflect  .   (helmet restricted)
rElec   .          Harm     .   k - +0 cloak
rCorr   .          Rampage  .   (no gloves)
Will    ++...      NoTele   +   (no boots)
Stlth   ..........              (no amulet)
HPRegen 1.26/turn               m - +3 ring of strength
MPRegen 0.11/turn               n - +2 ring of evasion

@: strong-willed (expiring), on berserk cooldown, regenerating (expiring),
slowed, very slow
A: horns 2, retaliatory headbutt
a: Renounce Religion, Berserk, Trog's Hand, Brothers in Arms


You were in the Dungeon.
You worshipped Trog.
Trog was extremely pleased with you.
You visited 1 branch

Inventory:

Hand Weapons
 a - a +2 halberd of venom (weapon)
Armour
 b - a +0 animal skin
 k - a +0 cloak (worn)
 l - a +1 scale mail (worn)
Jewellery
 m - a +3 ring of strength (left hand)
 n - a +2 ring of evasion (right hand)
Wands
 j - a wand of roots (10)
Scrolls
 h - 2 scrolls of blinking
Potions
 c - 5 potions of curing
 d - 3 potions of heal wounds
 e - a potion of haste
 f - 4 potions of magic
 g - a potion of berserk rage
 i - a potion of invisibility


   Skills:
 + Level 15.3 Fighting
 + Level 16.6 Polearms
 + Level 9.3 Armour
 + Level 7.6 Dodging
 + Level 1.7 Stealth


You had 8 spell levels left.
You didn't know any spells.
Your spell library was empty.

Dungeon Overview and Level Annotations

Branches:
Dungeon (1/1)

Altars:
Cheibriados
Dithmenos
Elyvilon
Fedhas
Gozag
Hepliaklqana
Kikubaaqudgha
Makhleb
Nemelex Xobeh
Okawaru
Qazlal
Ru
Sif Muna
Trog
Uskayaw
Vehumet
Wu Jian
Xom
Yredelemnul
Zin
The Shining One
Jiyva
Lugonu


Innate Abilities, Weirdness & Mutations

You have a pair of horns on your head.
You reflexively headbutt those who attack you in melee.


Message History

The sun demon closely misses you. You furiously retaliate!
You headbutt the sun demon, but do no damage.
The kobold demonologist begins to cast a cantrip, but forgets the words!
You closely miss the kobold demonologist.
The sun demon misses you. You furiously retaliate!
You headbutt the sun demon!
The kobold demonologist hits you with a +1 dagger of speed.
You slash the kobold demonologist!
The kobold demonologist is poisoned.
Your headbutt misses the kobold demonologist.
The kobold demonologist is moderately wounded.
You feel the effects of Trog's Hand fading.
The sun demon hits you!
You are engulfed in flames!!
The kobold demonologist misses you. The sun demon hits you!!
You are engulfed in flames!
* * * LOW HITPOINT WARNING * * *
You slice the kobold demonologist!!
The kobold demonologist looks as sick as possible!
The kobold demonologist is almost dead.
The kobold demonologist hits you with a +1 dagger of speed.
* * * LOW HITPOINT WARNING * * *
The sun demon barely misses you.
The kobold demonologist hits you with a +1 dagger of speed.
* * * LOW HITPOINT WARNING * * *
You hit the kobold demonologist.
The kobold demonologist looks as sick as possible!
You headbutt the kobold demonologist.
You kill the kobold demonologist!
Trog accepts your kill.
Trog appreciates your killing of a magic user.
Trog grants you a weapon! Something appears at your feet!
You see here the +6 glaive "Efys" {vorpal, rF- Will- Str+8 SInv}.
The sun demon disappears in a puff of smoke!
Your Fighting skill increases to level 15!
Your ogre goes berserk!
The salamander hits you!
* * * LOW HITPOINT WARNING * * *
You are engulfed in flames!
* * * LOW HITPOINT WARNING * * *
The salamander hits you!
You die... ▓▓▓▓▓▓▓▓▓▓▓▓▓▓▓▓▓▓▓▓▓▓▓ +...ON@§O..).÷)....[.)? ▓▓▓▓▓▓▓▓▓▓▓▓▓▓▓▓▓▓▓▓▓▓▓

You could see a salamander shaped shifter (ally target), a two-headed ogre and a friendly ogre (summoned, berserk).

Vanquished Creatures
  A two-headed ogre (D)
  A gargoyle (D)
  A kobold demonologist (D)
  2 trolls (D)
  A wraith (D)
  A jumping spider (shapeshifter) (D)
  2 yaks (D)
  An acid dragon (D)
  An ice beast (D)
  A hound (D)
  An orc wizard (D)
  An adder (D)
  An ufetubus (D)
  A goblin (D)
  A hobgoblin (D)
  A kobold (D)
  2 ball pythons (D)
20 creatures vanquished.

Notes
Turn   | Place    | Note
-------+----------+-------------------------------------------
     0 | D        | boopmooplesden the Minotaur Berserker began the quest for
                  | the Orb.
     0 | D        | Reached XP level 1. HP: 19/19 MP: 0/0
    10 | D        | Reached skill level 4 in Polearms
    15 | D        | Reached ** piety under Trog
   278 | D        | Noticed an orc wizard
   278 | D        | Noticed a hound
   278 | D        | Noticed an ice beast
   283 | D        | Killed an ice beast
   284 | D        | Reached skill level 7 in Polearms
   284 | D        | Reached XP level 2. HP: 27/34 MP: 1/1
   284 | D        | Reached XP level 3. HP: 31/39 MP: 2/2
   284 | D        | Reached XP level 4. HP: 37/47 MP: 3/3
   286 | D        | Reached *** piety under Trog
   289 | D        | Reached skill level 8 in Polearms
   292 | D        | Reached skill level 5 in Armour
   292 | D        | Reached XP level 5. HP: 45/55 MP: 4/4
   295 | D        | Reached **** piety under Trog
   300 | D        | Found a snail-covered altar of Cheibriados.
   300 | D        | Found a shadowy altar of Dithmenos.
   300 | D        | Found a white marble altar of Elyvilon.
   300 | D        | Found a blossoming altar of Fedhas.
   300 | D        | Found an opulent altar of Gozag.
   301 | D        | Found a hazy altar of Hepliaklqana.
   302 | D        | Found a viscous altar of Jiyva.
   303 | D        | Found an ancient bone altar of Kikubaaqudgha.
   304 | D        | Found a corrupted altar of Lugonu.
   305 | D        | Found a burning altar of Makhleb.
   306 | D        | Found a sparkling altar of Nemelex Xobeh.
   307 | D        | Found an iron altar of Okawaru.
   308 | D        | Found a stormy altar of Qazlal.
   309 | D        | Found a sacrificial altar of Ru.
   310 | D        | Found a shimmering blue altar of Sif Muna.
   311 | D        | Found a bloodstained altar of Trog.
   312 | D        | Found a hide-covered altar of Uskayaw.
   313 | D        | Found a radiant altar of Vehumet.
   314 | D        | Found an ornate altar of the Wu Jian Council.
   315 | D        | Found a shimmering altar of Xom.
   316 | D        | Found a basalt altar of Yredelemnul.
   317 | D        | Found a glowing silver altar of Zin.
   318 | D        | Found a glowing golden altar of the Shining One.
   428 | D        | Noticed a yak
   428 | D        | Noticed a gargoyle
   428 | D        | Noticed an acid dragon
   428 | D        | Noticed a yak
   428 | D        | Noticed a wraith
   428 | D        | Noticed a two-headed ogre
   431 | D        | Killed a two-headed ogre
   432 | D        | Reached skill level 13 in Polearms
   432 | D        | Reached skill level 5 in Dodging
   432 | D        | Reached skill level 1 in Stealth
   432 | D        | Reached XP level 6. HP: 61/70 MP: 5/5
   432 | D        | Reached XP level 7. HP: 67/77 MP: 6/6
   433 | D        | Killed a wraith
   435 | D        | Killed a yak
   436 | D        | Reached XP level 8. HP: 75/86 MP: 7/7
   440 | D        | Reached skill level 14 in Polearms
   444 | D        | Killed a gargoyle
   444 | D        | Reached ***** piety under Trog
   448 | D        | Reached skill level 15 in Polearms
   739 | D        | Noticed a two-headed ogre
   739 | D        | Noticed a kobold demonologist
   739 | D        | Noticed a jumping spider
   739 | D        | Noticed a troll
   739 | D        | Noticed a troll
   739 | D        | Noticed a shapeshifter
   739 | D        | a black bear changed into a shapeshifter
   740 | D        | Noticed a salamander
   740 | D        | a shapeshifter changed into a salamander
   743 | D        | Killed a jumping spider
   746 | D        | Killed a troll
   747 | D        | Reached XP level 9. HP: 96/96 MP: 8/8
   750 | D        | Noticed a hellwing
   750 | D        | Killed a troll
   751 | D        | Reached skill level 16 in Polearms
   756 | D        | Noticed a sun demon
   760 | D        | Killed a kobold demonologist
   760 | D        | Identified the +6 glaive "Efys" {vorpal, rF- Will- Str+8
                  | SInv} (Trog gifted it to you in the Dungeon)
   760 | D        | Received a gift from Trog
   761 | D        | Reached skill level 15 in Fighting
   761 | D        | Slain by a salamander (shapeshifter)

Illustrated notes

Levels and vault maps discovered:
D:        linesprint [early_d, line_temple, items_1, d_10, items_2, lair_1,
          lair_end, items_3, orc_1, orc_end, items_4, d_15, swamp_1, shoals_1,
          snake_1, spider_1, d_20, vaults_1, items_5, swamp_end, shoals_end,
          snake_end, spider_end, vaults_end, d_27, items_6, zot_1, zot_end,
          crypt_end, forest_end, elf_end, slime_end, tomb_end, abyss_end,
          pan_hell_end]

Skill      XL: |  1  2  3  4  5  6  7  8  9 |
---------------+----------------------------+-----
Fighting       | 7 8 12 13 14 15 | 15.3
Polearms       | 7 8 13 15 16 | 16.6
Armour         | 4 5 7 8 9 |  9.3
Dodging        | 3 4 5 6 7 |  7.6
Stealth        | 1 |  1.7

Action                   |  1- 3 |  4- 6 |  7- 9 || total
-------------------------+-------+-------+-------++-------
Melee: Spear             |    25 |    10 |       ||    35
       Headbutt          |     4 |     2 |     7 ||    13
       Punch             |     1 |       |       ||     1
       Halberd           |       |     2 |    30 ||    32
Invok: Berserk           |     1 |     1 |     1 ||     3
       Trog's Hand       |       |       |     1 ||     1
       Brothers in Arms  |       |       |     1 ||     1
Armor: Animal skin       |     1 |     1 |       ||     2
       Scale mail        |       |       |     9 ||     9
Dodge: Dodged            |    12 |     8 |    17 ||    37
